 Dungeon Sprint DCSS version 0.26-a0-662-g8b9c6dab81 (webtiles) character file.

Game seed: 7424494762830075329

16 mhtbhm the Gusty (level 2, -6/15 HPs)
             Began as a Deep Elf Air Elementalist on Oct 10, 2020.
             Mangled by a gnoll
             ... wielding a +0 spear
              (9 damage)
             ... in the Dungeon (Sprint IX: "|||||||||||||||||||||||||||||").
             The game lasted 00:00:21 (90 turns).

mhtbhm the Gusty (Deep Elf Air Elementalist)          Turns: 90, Time: 00:00:22

Health: -6/15      AC:  2    Str:  5    XL:     2   Next: 37%
Magic:  3/9        EV: 13    Int: 19    God:
Gold:   0          SH:  0    Dex: 15    Spells: 8/9 levels left

rFire    . . .     SeeInvis .   (no weapon)
rCold    . . .     Faith    .   (no shield)
rNeg     . . .     Spirit   .   a - +0 robe
rPois    .         Reflect  .   (no helmet)
rElec    .         Harm     .   (no cloak)
rCorr    .         Rampage  .   (no gloves)
MR       .....     NoTele   +   (no boots)
Stlth    ++........             (no amulet)
HPRegen  0.05/turn              (no ring)
MPRegen  0.11/turn              (no ring)

@: no status effects
A: no striking features
a: no special abilities


You were in the Dungeon.
You visited 1 branch

Inventory:

Armour
 a - a +0 robe (worn)
Scrolls
 h - a scroll of blinking
Potions
 c - a potion of curing
 d - a potion of heal wounds
 e - a potion of haste
 f - 2 potions of magic
 g - a potion of berserk rage


   Skills:
 + Level 3.1 Dodging
 + Level 3.0 Stealth
 + Level 4.4 Spellcasting
 + Level 1.3 Conjurations
 + Level 4.6 Air Magic


You had 8 spell levels left.
You knew the following spells:

 Your Spells              Type           Power        Failure   Level
a - Shock                 Conj/Air       ###.         3%          1

Your spell library contained the following spells:

 Spells                   Type           Power        Failure   Level
 Swiftness                Air            ###.....     3%          2
 Static Discharge         Conj/Air       ###.....     12%         3
 Airstrike                Air            ###.......   21%         4
 Lightning Bolt           Conj/Air       ###.......   71%         5


Dungeon Overview and Level Annotations

Branches:
Dungeon (1/1)

Altars:


Message History

The gnoll is almost dead.
The zap hits the iguana but does no damage.
The iguana is severely wounded.
The zap hits the shadow imp.
You kill the shadow imp!
Your Dodging skill increases to level 3!
Your Stealth skill increases to level 3!
The gnoll closely misses you.
The phantom blinks!
The phantom hits you.
* * * LOW HITPOINT WARNING * * *
Unknown command.
Unknown command.
Casting: Shock (safe; 3% risk of failure)
Confirm with . or Enter, or press ? or * to list all spells.
Aiming: Shock (safe; 3% risk of failure)
Press: ? - help, Shift-Dir - straight line, f/p - phantom
Aim: a phantom (lightly damaged)
The zap misses the phantom. x2
The gnoll hits you from afar with a +0 spear!
Ouch! That really hurt!
You die...

▓+▓
▓.▓
▓.▓
▓§▓
▓l▓
▓g▓
▓§▓
▓@▓
▓W▓
▓.▓
▓.▓
▓)▓
▓W▓
▓.▓
▓.▓
▓.▓


You could see 2 phantoms, an iguana and a gnoll.

Vanquished Creatures
  A shadow imp (D)
  A dart slug (D)
  A bat (D)
  A giant cockroach (D)
  2 goblins (D)
6 creatures vanquished.

Notes
Turn   | Place    | Note
-------+----------+-------------------------------------------
     0 | D        | mhtbhm the Deep Elf Air Elementalist began the quest for
                  | the Orb.
     0 | D        | Reached XP level 1. HP: 10/10 MP: 6/6
     8 | D        | Reached XP level 2. HP: 15/15 MP: 1/9
    84 | D        | Noticed a phantom
    84 | D        | Noticed a phantom
    90 | D        | Mangled by a gnoll

Illustrated notes

Levels and vault maps discovered:
D:        linesprint [early_d, line_temple, items_1, d_10, items_2, lair_1,
          lair_end, items_3, orc_1, orc_end, items_4, d_15, swamp_1, shoals_1,
          snake_1, spider_1, d_20, vaults_1, items_5, swamp_end, shoals_end,
          snake_end, spider_end, vaults_end, d_27, items_6, zot_1, zot_end,
          crypt_end, forest_end, elf_end, slime_end, tomb_end, abyss_end,
          pan_hell_end]

Skill      XL: |  1  2 |
---------------+-------+-----
Air Magic      | 4 |  4.6
Spellcasting   | 4 |  4.4
Dodging        | 3 |  3.1
Stealth        | 3 |  3.0
Conjurations   | |  1.3

Action                   || total
-------------------------++-------
 Cast: Shock             ||    11
Dodge: Dodged            ||     3

Table legend: (Time is in decaauts)
 A = Elapsed time spent in this place.
 B = Non-inter-level travel time spent in this place.
 C = Inter-level travel time spent in this place.
 D = Time resting spent in this place.
 E = Time spent auto-exploring this place.
 F = Levels seen in this place.
 G = Mean time per level.
                   A        B        C        D        E       F      G
               +--------+--------+--------+--------+--------+-----+--------+
         Total |     90 |     90 |      0 |     69 |      0 |   1 |   90.0 |
       Dungeon |     90 |     90 |      0 |     69 |      0 |   1 |   90.0 |
               +--------+--------+--------+--------+--------+-----+--------+

Top non-repeatable levels by time:
       D: 90 daAuts
